 Dungeon Crawl Stone Soup version 0.27.1-34-g3ba077fa99 (webtiles) character file.

Game seed: 5285119528691815374

574 Delamore the Covert (level 7, -1/45 HPs)
             Began as an Octopode Brigand on Jan 16, 2022.
             Slain by a gnoll sergeant (9 damage)
             ... on level 3 of the Dungeon.
             The game lasted 00:02:43 (3061 turns).

Delamore the Covert (Octopode Brigand)              Turns: 3061, Time: 00:02:43

Health: -1/45      AC:  1    Str: 10    XL:     7   Next: 35%
Magic:  7/7        EV: 12    Int: 14    God:
Gold:   131        SH:  0    Dex: 15    Spells: 6/6 levels left

rFire    . . .     SeeInvis .   l - +0 dagger (venom)
rCold    . . .     Faith    .   (no shield)
rNeg     . . .     Spirit   .   (helmet restricted)
rPois    .         Reflect  .   (no amulet)
rElec    .         Harm     .   (no ring)
rCorr    .         Rampage  .   (no ring)
Will     .....                  (no ring)
Stlth    +++++.....             (no ring)
HPRegen  0.15/turn              (no ring)
MPRegen  0.10/turn              (no ring)
                                (no ring)
                                (no ring)

@: no status effects
A: almost no armour, amphibious, 8 rings, camouflage 1, gelatinous body 1,
(nimble swimmer 1), tentacles
a: no special abilities


You were on level 3 of the Dungeon.
You visited 1 branch of the dungeon, and saw 3 of its levels.

You collected 131 gold pieces.

Inventory:

Hand Weapons
 a - a +2 dagger
 l - a +0 dagger of venom (weapon)
 n - a +3 short sword
Missiles
 b - 8 poisoned darts (quivered)
 c - 2 curare-tipped darts
 j - a throwing net
 m - 2 silver boomerangs
Scrolls
 d - a scroll of torment
 e - 2 scrolls of noise
 g - a scroll of fear
 h - 2 scrolls of blinking
 i - a scroll of immolation
Potions
 f - a potion of curing
 k - a potion of berserk rage {unknown}


   Skills:
 - Level 2.0 Fighting
 + Level 5.7 Short Blades
 - Level 2.0 Throwing
 - Level 1.0 Dodging
 + Level 9.4 Stealth


You had 6 spell levels left.
You didn't know any spells.
Your spell library was empty.

Dungeon Overview and Level Annotations

Branches:
Dungeon (3/15)

Altars:
Makhleb


Innate Abilities, Weirdness & Mutations

You cannot wear most types of armour.
You are amphibious.
You can wear up to eight rings at the same time.
Your skin changes colour to match your surroundings (Stealth+).
Your rubbery body absorbs attacks. (AC +1, EV +1)
((You are camouflaged near water. (Stealth+)))
You have tentacles for arms and can constrict up to eight enemies at once.


Message History

You kill the gnoll!
You start resting.
An orc comes into view. It is wielding a +0 club.
There is an open door here.
You close the door.
A gnoll sergeant comes into view. It is wielding a +3 vorpal spear.
There is a huge open gate here.
The gnoll sergeant throws a stone.
The stone closely misses you.
The gnoll sergeant throws a stone.
The stone hits you!
* * * LOW HITPOINT WARNING * * *
The gnoll sergeant throws a stone.
The stone hits you.
* * * LOW HITPOINT WARNING * * *
It was a potion of curing.
You feel better.
Things that are here:
a +0 club; a gnoll corpse You start resting.
HP restored.
A gnoll sergeant is nearby!
The gnoll sergeant hits you from afar with a +3 vorpal spear!
The gnoll sergeant hits you with a +3 vorpal spear!
You are too injured to fight recklessly!
You are too injured to fight recklessly!
You are too injured to fight recklessly!
You are too injured to fight recklessly!
You are too injured to fight recklessly!
You are too injured to fight recklessly!
You are too injured to fight recklessly!
You are too injured to fight recklessly!
You are too injured to fight recklessly!
You are too injured to fight recklessly!
You closely miss the gnoll sergeant. You grab the gnoll sergeant.
You squeeze the gnoll sergeant, but do no damage.
You constrict the gnoll sergeant.
The gnoll sergeant hits you with a +3 vorpal spear!
* * * LOW HITPOINT WARNING * * *
x2 You hit the gnoll sergeant but do no damage.
The gnoll sergeant is lightly wounded.
You constrict the gnoll sergeant, but do no damage.
The gnoll sergeant hits you with a +3 vorpal spear!
You die...

##.## #.###.##.#...#....
###.##### #............#####
##.).....#######.####...#
#####.........######.####.###
.............P.....#......#
≈≈≈≈≈≈≈≈≈≈≈≈≈≈≈....########
≈≈≈≈≈≈≈≈≈≈≈≈≈≈≈....#
≈≈≈)≈≈≈≈#####≈≈....#
........#...#≈≈.@..#
#########...#≈≈..g.# ..^.#
#'###≈≈P...# ....#
..#.≈≈≈....# .o..# .#
#.≈≈≈....# ###'# #.≈≈≈....#
o...# #.≈≈≈....# ..).#
#.≈≈≈....# g...# #.≈≈≈....#


You could see a gnoll sergeant.

Vanquished Creatures
  An ogre (D:3)
  2 howler monkeys (D:3)
  A hound (D:3)
  4 orc priests (D:3)
  A centaur skeleton (D:2)
  2 orc wizards (D:3)
  7 gnolls (D:3)
  4 adders
  A worm (D:3)
  2 dart slugs
  9 orcs (D:3)
  4 bats
  5 endoplasms
  A giant cockroach (D:1)
  4 goblins
  A hobgoblin (D:1)
  14 jackals
  4 kobolds
  3 quokkas
  3 frilled lizards
  5 rats
78 creatures vanquished.

Vanquished Creatures (others)
  10 plants (D:2)
10 creatures vanquished.

Grand Total: 88 creatures vanquished

Notes
Turn   | Place    | Note
-------+----------+-------------------------------------------
     0 | D:1      | Delamore the Octopode Brigand began the quest for the Orb.
     0 | D:1      | Reached XP level 1. HP: 14/14 MP: 1/1
   192 | D:1      | Reached XP level 2. HP: 19/19 MP: 2/2
   822 | D:1      | Reached skill level 6 in Stealth
   826 | D:1      | Reached XP level 3. HP: 24/24 MP: 3/3
  1070 | D:2      | Found a burning altar of Makhleb.
  1306 | D:2      | Reached XP level 4. HP: 20/29 MP: 4/4
  1466 | D:2      | Found a faded altar of an unknown god.
  1938 | D:3      | Reached skill level 7 in Stealth
  1947 | D:3      | Reached XP level 5. HP: 34/34 MP: 5/5
  2061 | D:3      | Reached skill level 8 in Stealth
  2061 | D:3      | Reached XP level 6. HP: 34/39 MP: 6/6
  2186 | D:3      | Reached skill level 5 in Short Blades
  2219 | D:3      | Reached XP level 7. HP: 42/45 MP: 7/7
  2446 | D:3      | Reached skill level 9 in Stealth
  3061 | D:3      | Slain by a gnoll sergeant

Illustrated notes

Levels and vault maps discovered:
D:1:      lemuel_arrival_lava_pool, layout_loops_ring
D:2:      layout_basic, serial_bayou, serial_bayou_lake_a, serial_bayou_pond_e,
          serial_bayou_shore_a, serial_bayou_pond_e, serial_bayou_pond_e,
          basic_altar, hellmonk_ecumenical_altar_pennies_from_heaven
D:3:      lemuel_castle_with_subvaults [lemuel_castle_interior_carwin_3],
          layout_loops_cross, minmay_cut_off

Skill      XL: |  1  2  3  4  5  6  7 |
---------------+----------------------+-----
Stealth        | 6 7 8 9 |  9.4
Short Blades   | 3 4 5 |  5.7
Fighting       | |  2.0
Throwing       | |  2.0
Dodging        | |  1.0

Action                   |  1- 3 |  4- 6 |  7- 9 || total
-------------------------+-------+-------+-------++-------
Melee: Dagger            |    54 |    81 |    42 ||   177
       Constrict         |     8 |    19 |     9 ||    36
       Tentacles         |     5 |    17 |    10 ||    32
  Use: Scroll            |     6 |     1 |       ||     7
       Potion            |       |       |     1 ||     1
 Stab: Sleeping          |    10 |    12 |     8 ||    30
Armor: Skin              |     8 |     1 |       ||     9
Dodge: Dodged            |    35 |    30 |    20 ||    85
